 Dungeon Crawl Stone Soup version 0.28.0-45-g0d030f2227 (webtiles) character file.

Game seed: 5407600295492308577

77 GigaChad the Skirmisher (level 4, -1/37 HPs)
             Began as a Palentonga Fighter on Apr 14, 2022.
             Was a Follower of Wu Jian.
             Slain by Pargi (3 damage)
             ... on level 3 of the Dungeon.
             The game lasted 00:08:04 (2291 turns).

GigaChad the Skirmisher (Palentonga Fighter)        Turns: 2291, Time: 00:08:05

Health: -1/37      AC:  6    Str: 20    XL:     4   Next: 13%
Magic:  4/4        EV:  7    Int:  8    God:    Wu Jian [*.....]
Gold:   97         SH:  0    Dex: 11    Spells: 2/3 levels left

rFire   . . .      SeeInvis +   a - +0 long sword (venom)
rCold   . . .      Faith    .   n - orb {*Rage}
rNeg    . . .      Spirit   .   b - +0 scale mail
rPois   .          Reflect  .   (no helmet)
rElec   .          Harm     .   (no cloak)
rCorr   .          Rampage  .   (no gloves)
Will    .....      Rage     20% (no barding)
Stlth   ..........              l - amulet of the acrobat
HPRegen 0.12/turn               (no ring)
MPRegen 0.09/turn               (no ring)

@: no status effects
A: large, rugged brown scales 3, see invisible, deformed body, roll 1, armoured
tail
a: Rolling Charge, Renounce Religion


You were on level 3 of the Dungeon.
You worshipped Wu Jian.
Wu Jian was aware of your devotion.
You visited 1 branch of the dungeon, and saw 3 of its levels.
You also visited: Sewer.

You collected 97 gold pieces.

Inventory:

Hand Weapons
 a - a +0 long sword of venom (weapon)
 m - a +0 hunting sling
Missiles
 f - 17 arrows
Armour
 b - a +0 scale mail (worn)
 c - a +0 buckler
 n - an orb of wrath (worn)
Jewellery
 l - an amulet of the acrobat (around neck)
Scrolls
 g - a scroll of fear
 h - 2 scrolls of silence
 k - 2 scrolls of identify {unknown}
Potions
 d - a potion of might
 e - a potion of flight {unknown}
 i - a potion of berserk rage {unknown}
 j - 2 potions of curing {unknown}


   Skills:
 + Level 3.2 Fighting
 + Level 3.0 Long Blades
 + Level 3.1 Armour
 + Level 0.2 Dodging
 + Level 2.7 Shields


You had 2 spell levels left.
You knew the following spells:

 Your Spells              Type           Power      Damage    Failure   Level
a - Magic Dart            Conj           0%         1d3       77%         1

Your spell library contained the following spells:

 Spells                   Type           Power      Damage    Failure   Level
 Searing Ray              Conj           0%         2d4       88%         2
 Fulminant Prism          Conj/Hex       0%         3d6       100%        4


Dungeon Overview and Level Annotations

Branches:
Dungeon (3/15)              Sewer (visited)

Altars:
Hepliaklqana
Wu Jian

Portals:
Abyss: D:3

Annotations:
D:3 2 transporters, Pargi; issech's ghost, weakling TrMo


Innate Abilities, Weirdness & Mutations

You are completely covered in rugged brown scales. (AC +3, +7% HP)
You have supernaturally acute eyesight. (SInv)
Armour fits poorly on your strangely shaped body.
You can roll at nearby foes to attack.
You have a long armoured tail.


Message History

Pargi hisses, "I bite!"
Pargi bites you but does no damage. Pargi claws you but does no damage.
Pargi claws you.
You hit Pargi.
Your tail-slap misses Pargi.
Pargi is heavily wounded.
Pargi bites you. Pargi barely misses you. Pargi claws you but does no damage.
You miss Pargi.
Pargi is heavily wounded.
Pargi barely misses you. x2; Pargi claws you.
Pargi bites you.
* * * LOW HITPOINT WARNING * * *
Pargi claws you.
* * * LOW HITPOINT WARNING * * *
Pargi claws you but does no damage.
You recover from your berserk rage.
There is an empty arch of ancient stone here.
There is nothing on the other side of the stone arch.
There is nothing on the other side of the stone arch.
Pargi hisses menacingly.
There is a gate leading back out of this place here.
Pargi bites you.
* * * LOW HITPOINT WARNING * * *
Pargi claws you but does no damage. x2
Welcome back to the Dungeon!
Level annotation: 2 transporters, issech's ghost, weakling TrMo
There is a collapsed entrance here.
You enter the shallow water.
Moving in this stuff is going to be slow.
Pargi misses you. Pargi completely misses you.
Pargi claws you but does no damage. Pargi completely misses you.
Pargi claws you but does no damage. x2
You spin to attack Pargi, but your attack speed is too slow for a blow to land.
Pargi looks more healthy.
Pargi barely misses you. Pargi misses you. Pargi claws you but does no damage.
Pargi snarls, "My home!
Leave!"
You spin and attack Pargi.
You closely miss Pargi.
Pargi is moderately wounded.
Pargi bites you.
* * * LOW HITPOINT WARNING * * *
Pargi barely misses you. Pargi claws you.
You die...

#....#≈..#..#.'
#....≈≈≈≈≈...# ..
#..#≈≈≈≈≈≈≈#.#..
#...≈≈≈≈≈≈≈..#..
#..†≈≈≈.≈≈≈.....
#..†≈≈≈≈≈≈≈..#.
#..#≈)≈≈≈≈≈#.#
#....≈≈≈≈≈...#
#.#..#...#@.>#
#.#......T.#.#
#.#.###.####.######+###
#.#.#
#.####.#........#####
#.#.#
#....................
#.#.#
#.........)..........
#.#.#
#.......###..###.....
#.#
#..###.##.####.##....
#.#
#..#?###..###.#.#....


You could see Pargi.

Vanquished Creatures
  3 adders
  2 worms (D:3)
  A dart slug (D:2)
  4 endoplasms
  A giant cockroach (D:1)
  5 goblins
  4 hobgoblins (D:1)
  A quokka (D:1)
  4 ball pythons
  6 bats
  2 frilled lizards
  5 kobolds
  7 rats
45 creatures vanquished.

Notes
Turn   | Place    | Note
-------+----------+-------------------------------------------
     0 | D:1      | GigaChad the Palentonga Fighter began the quest for the
                  | Orb.
     0 | D:1      | Reached XP level 1. HP: 19/19 MP: 1/1
   252 | D:1      | Reached XP level 2. HP: 18/25 MP: 2/2
   411 | D:1      | Found a faded altar of an unknown god.
   419 | D:1      | Prayed at the altar of an unknown god.
   419 | D:1      | Became a worshipper of the Wu Jian Council
   419 | D:1      | Reached * piety under Wu Jian
   774 | D:2      | Learned a level 1 spell: Magic Dart
  1073 | D:2      | Reached XP level 3. HP: 16/31 MP: 3/3
  2028 | D:3      | Found a transporter.
  2032 | D:3      | Noticed a small abomination
  2038 | D:3      | Found a one-way gate to the infinite horrors of the Abyss.
  2038 | D:3      | Noticed issech's ghost (weakling TrMo)
  2038 | D:3      | Noticed a small abomination
  2056 | D:3      | Found a hazy altar of Hepliaklqana.
  2131 | D:3      | Found a transporter.
  2186 | D:3      | Reached XP level 4. HP: 37/37 MP: 4/4
  2226 | D:3      | Found a glowing drain.
  2259 | Sewer    | Entered a sewer
  2262 | Sewer    | Noticed Pargi
  2291 | D:3      | Slain by Pargi

Illustrated notes

Levels and vault maps discovered:
D:1:      ncdulo_lavacross, layout_loops_ring, ebering_ecumenical_altar_mist
D:2:      layout_basic, chequers_serial_rivers_micro_e
D:3:      layout_basic, mainiacjoe_overflow_small_starburst,
          cheibrodos_sewer_entry_drain, gammafunk_ghost_abyssal_escape

Skill      XL: |  1  2  3  4 |
---------------+-------------+-----
Armour         | 3 |  3.1
Long Blades    | 3 |  3.0
Fighting       | |  3.2
Dodging        | |  0.2
Shields        | |  2.7

Action                   |  1- 3 |  4- 6 || total
-------------------------+-------+-------++-------
Melee: Long sword        |   104 |    26 ||   130
       Tailslap          |     7 |     2 ||     9
Invok: Whirlwind         |    17 |     6 ||    23
       Lunge             |     7 |       ||     7
  Use: Scroll            |     5 |       ||     5
Armor: Scale mail        |    61 |    29 ||    90
Dodge: Dodged            |    60 |    25 ||    85
Block: Buckler           |    24 |       ||    24
